cohdb
Replays
Latest Replays
All Replays
Popular Replays
Top Player Replays
Match Explorer
How It Works
Community
CoH3 Stats
Reddit
Sign in to upload your games and track your stats! →
Sign in with Steam
Match 44544625
Unlisted
Match 44544625
Overview
Messages
Build Orders
End
Construct Infanterie Kompanie
Pioneer Squad
Grenadier Squad
Selects Mechanized Battlegroup
Grenadier Squad
MG 42 Machine Gun Team
Construct Panzergrenadier Kompanie
Selects Mobile Repair Stations
251 Medium Carrier
Pak 40 Anti-tank Gun Team
Panzergrenadier Squad
Panzergrenadier Officer Quarters
Medical Bunker
Selects Wespe Self-propelled Artillery
Wespe Self-propelled Artillery
Pioneer Squad
Kettenkrad Recon Vehicle
Panzergrenadier Squad
Pak 40 Anti-tank Gun Team
Selects Mechanized Assault
Selects Raid Package
Construct Panzer Kompanie
Lardt
Elite_1650
Stana
BlueSkidrow™
0
0
Comments
sign in to comment!
No comments posted yet!